 Dungeon Crawl Stone Soup version 0.19-a0-1670-gc28a5d9 (webtiles) character file.

177 Alarkh the Grave Robber (level 5, -6/35 HPs)
             Began as a Mummy Necromancer on Sept 21, 2016.
             Mangled by Edmund
             ... wielding a +4 flail of crushing
              (13 damage)
             ... on level 2 of the Dungeon.
             The game lasted 00:05:19 (2446 turns).

Alarkh the Grave Robber (Mummy Necromancer)         Turns: 2446, Time: 00:05:20

Health: -6/35      AC:  5    Str: 11    XL:     5   Next: 31%
Magic:  10/10      EV:  9    Int: 16    God:
Gold:   226        SH:  0    Dex: 12    Spells: 2 memorised, 7 levels left

rFire  x . .     SeeInvis +     f - +0 short sword
rCold  + . .     Gourm    .     a - +0 robe
rNeg   + + +     Faith    .     (no shield)
rPois  ∞         Spirit   .     k - +2 helmet {SInv}
rElec  .         Dismiss  .     (no cloak)
rCorr  .         Reflect  .     (no gloves)
MR     .....     Harm     .     (no boots)
Stlth  ++........               (no amulet)
                                m - -3 ring of evasion (curse)
                                c - ring of see invisible

@: no status effects
A: no food or potions, fire vulnerability, cold resistance 1, negative energy
resistance 3, torment resistance, unbreathing
a: no special abilities


You were on level 2 of the Dungeon.
You were not hungry.

You visited 1 branch of the dungeon, and saw 4 of its levels.

You collected 226 gold pieces.

Inventory:

Hand Weapons
 f - a +0 short sword (weapon)
Armour
 a - a +0 robe (worn)
 k - a +2 helmet of see invisible (worn)
 n - a +1 hat
Jewellery
 c - a ring of see invisible (left hand)
 m - a cursed -3 ring of evasion (right hand)
Scrolls
 d - 2 scrolls of enchant armour
 e - 2 scrolls of identify
 g - a scroll of amnesia
 h - a scroll of teleportation
 i - 3 scrolls of remove curse
 j - a scroll of enchant weapon {unknown}
 l - a scroll of magic mapping {unknown}
Books
 b - a book of Necromancy

   Spells                             Type                      Level
   a - Pain                           Necromancy                   1
   b - Animate Skeleton               Necromancy                   1
   c - Vampiric Draining              Necromancy                   3
   d - Regeneration                   Charms/Necromancy            3
   e - Animate Dead                   Necromancy                   4
   f - Control Undead                 Necromancy                   4


   Skills:
 - Level 1.5 Dodging
 - Level 1.5 Stealth
 + Level 3.8 Spellcasting
 + Level 5.5 Necromancy


You had 7 spell levels left.
You knew the following spells:

 Your Spells              Type           Power        Failure   Level  Hunger
a - Pain                  Necr           ###.         1%          1    N/A
b - Vampiric Draining     Necr           ###.......   8%          3    N/A

Dungeon Overview and Level Annotations

Branches:
Dungeon (4/15)
 Temple: D:4-7

Altars:
Fedhas
Hepliaklqana

Annotations:
D:2 Edmund
D:4 Grinder


Innate Abilities, Weirdness & Mutations

You do not eat or drink.
Your flesh is vulnerable to fire.
You are immune to poison.
Your flesh is cold resistant. (rC+)
You are immune to negative energy. (rN+++)
You are immune to unholy pain and torment.
You can survive without breathing.


Message History

There is a stone staircase leading up here.
Edmund hits you with a flail of crushing.
You climb upwards.
There is a stone staircase leading down here.
Edmund gestures with his flail.
Edmund closely misses you.
There is a stone staircase leading up here.
You climb upwards.
There is a stone staircase leading down here.
You start resting.
Magic restored.
Memorise Vampiric Draining, consuming 3 spell levels and leaving 7?
You start memorising the spell.
You continue memorising. x3
You finish memorising.
Spell assigned to 'b'.
You climb downwards.
Level annotation: Edmund Edmund hits you with a flail of crushing!
* * * LOW HITPOINT WARNING * * *
x2 Edmund hits you with a flail of crushing!
You die...

..........# #.# #...#.##
####.####.# #.####.#.#.## #.# #)#
#.#....#....# #.# #.#
#.#..#####... #.# #.#
#.#..>.#....#
#.####.###########.#.##.#.#.##
####....)#............#.##...#.##
#......##.##########...........##
................@.###(...........
...!.......######@# ###.###.#####
.....####.># #.# #.# #.# #....#
#..# #.# #.# #.# # ##.#.# #..#
##.## #.###.##### #.#.# #..#
##...## #.#........ ##.#.####).#
#.....# #.#.#.####. ...#.......#
##....# #.#.#....†. .###.#####.#
##.#.# #..........


You could see Edmund.

Vanquished Creatures
  2 orc wizards
  3 adders
  3 oozes
  2 worms
  A dart slug (D:2)
  4 leopard geckos
  5 orcs
  3 giant cockroaches (D:1)
  7 goblins
  6 hobgoblins
  4 jackals (D:4)
  3 quokkas
  5 bats
  4 frilled lizards
  7 kobolds
  8 rats
67 creatures vanquished.

Notes
Turn   | Place    | Note
-------+----------+-------------------------------------------
     0 | D:1      | Alarkh the Mummy Necromancer began the quest for the Orb.
     0 | D:1      | Reached XP level 1. HP: 13/13 MP: 3/3
   176 | D:1      | Reached XP level 2. HP: 13/19 MP: 0/5
   731 | D:1      | Found a blossoming altar of Fedhas.
   795 | D:2      | Reached XP level 3. HP: 18/24 MP: 0/6
  1493 | D:3      | Reached XP level 4. HP: 28/30 MP: 4/8
  1614 | D:3      | Reached skill level 5 in Necromancy
  2039 | D:3      | Reached XP level 5. HP: 35/35 MP: 2/10
  2044 | D:3      | Found a hazy altar of Hepliaklqana.
  2327 | D:4      | Noticed Grinder
  2327 | D:4      | Paralysed by Grinder for 2 turns
  2366 | D:4      | Noticed Edmund
  2445 | D:1      | Learned a level 3 spell: Vampiric Draining
  2446 | D:2      | Mangled by Edmund

Vault maps used:
D:1:      dpeg_arrival_water_altar, minmay_close_crescents
D:2:      first_bread
D:3:      marbit_many_paths
D:4:      lightli_temple_of_fire, uniq_grinder, uniq_robin, uniq_edmund

Skill      XL: |  1  2  3  4 |
---------------+-------------+-----
Spellcasting   | 3 |  3.8
Necromancy     | 5 |  5.5
Dodging        | |  1.5
Stealth        | |  1.5

Action                   |  1- 3 |  4- 6 || total
-------------------------+-------+-------++-------
Melee: Unarmed           |     6 |       ||     6
       Short sword       |    25 |    29 ||    54
 Cast: Pain              |    64 |    62 ||   126
  Use: Scroll            |     2 |     3 ||     5
 Stab: Sleeping          |       |     1 ||     1
Armor: Robe              |    13 |    41 ||    54
Dodge: Dodged            |    21 |    51 ||    72
